River Frogs vs Little Stars

Created - February 11, 2021 at 19:07

Goals
1 2 3 T
River Frogs 1 0 3 4
Little Stars 0 2 0 2
Shots
1 2 3 T
River Frogs 12 8 14 34
Little Stars 7 5 20 32

1st period

1. River Frogs , Aaron Ness 4 (Austin Watson 5, Ryan Fitzgerald 11) at 14:23

Penalties :
Ryan Fitzgerald (Lou) for Tripping (Minor) at 5:38, Nikita Zadorov (Lou) for Hooking (Minor) at 14:32

2nd period

2. Little Stars , Daniel O'regan 17 (Reece Willcox 13) at 10:42
3. Little Stars , Joakim Nygard 15 (Roman Horak 4) at 16:30 (SH)

Penalties :
Austin Watson (Lou) for Tripping (Minor) at 5:36, Tucker Poolman (Tex) for Hooking (Minor) at 14:44

3rd period

4. River Frogs , Joakim Nordstrom 4 (Mitch Marner 19, David Kolomatis 8) at 1:27
5. River Frogs , Christian Hanson 11 (Andrew Gordon 30, Aaron Ness 14) at 13:14
6. River Frogs , Shea Theodore 9 (Emerson Etem 29, Nikita Zadorov 21) at 19:56

Penalties :
Nikita Zadorov (Lou) for Interference (Minor) at 8:37, Emerson Etem (Lou) for Boarding (Minor) at 15:35, Patrick Wiercioch (Tex) for Hooking (Minor) at 19:59

Goalie Stats

Eric Comrie (Lou), 30 saves from 32 shots - (0.938), W, 8-6-5, 60:00 minutes
Connor Knapp (Tex), 30 saves from 34 shots - (0.882), L, 11-7-3, 60:00 minutes

Players Stats for River Frogs

Player Name              G  A  P  +/- PIM S  H  SB GA TA FO     MP     PP MP  PK MP  
------------------------------------------------------------------------------------
Aaron Ness               1  1  2   2  0   2  0  0  2  1  0/0    19:05   0:56   4:02 
Andrew Gordon            0  1  1   1  0   4  1  0  1  0  0/1    18:40   1:08   2:06 
Austin Watson            0  1  1   1  2   2  2  0  1  0  0/0    12:42   0:00   0:11 
Beau Starrett            0  0  0   0  0   0  0  0  0  0  1/1     2:26   0:00   2:23 
Bobby Farnham            0  0  0   1  0   1  1  0  0  0  0/1    11:49   0:00   0:00 
Cameron Hughes           0  0  0   0  0   0  0  0  0  0  0/0     0:00   0:00   0:00 
Christian Hanson         1  0  1   1  0   3  1  1  1  0  9/20   20:45   1:08   5:13 
David Kolomatis          0  1  1   1  0   0  0  0  0  1  0/0    11:20   0:00   0:00 
Dillon Heatherington     0  0  0   1  0   0  0  0  0  1  0/0    13:32   0:00   2:48 
Dominik Simon            0  0  0  -1  0   1  2  0  2  0  5/7    15:17   0:51   0:50 
Emerson Etem             0  1  1   1  2   3  4  0  2  0  5/9    19:47   1:08   4:16 
Francis Perron           0  0  0   0  0   0  0  0  0  0  0/0     0:03   0:00   0:00 
Joakim Nordstrom         1  0  1   1  0   2  2  0  1  1  0/0     9:37   0:00   2:25 
Justin Florek            0  0  0  -1  0   3  3  0  0  0  0/0    17:16   0:51   2:06 
Matt Grzelcyk            0  0  0   0  0   0  1  0  0  0  0/0     4:48   0:00   0:42 
Maxim Mamin              0  0  0   1  0   0  0  0  0  0  1/3     7:12   0:00   0:00 
Mitch Marner             0  1  1   1  0   2  1  0  0  0  0/0     7:12   0:00   0:00 
Morgan Rielly            0  0  0   2  0   1  1  1  1  0  0/0    19:05   0:56   4:02 
Nikita Zadorov           0  1  1  -1  4   0  0  0  1  0  0/0    26:35   1:03   2:55 
Ondrej Kase              0  0  0  -1  0   3  1  1  0  0  0/0    14:25   0:51   0:00 
Richard Nejezchleb       0  0  0   0  0   0  0  0  0  0  0/2     0:22   0:00   0:00 
Ryan Fitzgerald          0  1  1   1  2   3  0  0  0  0  2/4    12:29   0:00   0:20 
Shea Theodore            1  0  1  -1  0   4  1  1  0  1  0/0    25:33   1:03   5:21 

Players Stats for Little Stars

Player Name              G  A  P  +/- PIM S  H  SB GA TA FO     MP     PP MP  PK MP  
------------------------------------------------------------------------------------
Adam Tambellini          0  0  0   0  0   1  0  0  0  0  0/0    17:38   3:57   0:00 
Anton Cederholm          0  0  0   1  0   0  2  2  0  2  0/0    20:09   4:20   0:49 
Daniel O'regan           1  0  1   0  0   3  2  0  1  1  4/9    17:28   3:57   0:00 
Emile Poirier            0  0  0   0  0   0  0  0  0  0  0/0     8:57   0:55   0:00 
Eric Knodel              0  0  0   0  0   0  0  1  0  0  0/0     4:24   0:50   0:00 
Evgeny Kuznetsov         0  0  0  -1  0   2  2  2  1  1  14/25  22:12   5:02   1:06 
Ilya Mikheyev            0  0  0   0  0   0  3  0  0  4  1/2    19:41   3:57   0:15 
Jason Dickinson          0  0  0   0  0   1  0  0  0  0  2/3     7:51   0:00   0:00 
Jesse Joensuu            0  0  0  -1  0   6  4  0  1  0  0/1    22:28   5:02   1:08 
Joakim Nygard            1  0  1  -1  0   3  0  1  0  0  2/3    13:12   1:40   0:29 
Patrick Wiercioch        0  0  0  -2  2   1  4  0  2  0  0/0    25:23   4:31   1:10 
Reece Willcox            0  1  1  -1  0   2  2  1  0  1  0/0    25:34   3:02   0:48 
Roman Horak              0  1  1  -1  0   3  1  0  0  0  1/3    10:44   0:01   0:14 
Scott Kosmachuck         0  0  0  -1  0   3  5  0  0  2  0/0    21:22   5:13   0:15 
Sebastian Wannstrom      0  0  0  -2  0   1  2  0  0  0  1/2    11:12   0:01   0:31 
Tucker Poolman           0  0  0  -1  2   2  0  1  0  0  0/0    14:43   1:51   0:00 
Tyler Wotherspoon        0  0  0  -1  0   3  1  0  0  0  0/0    26:11   4:37   1:11 
Zach Budish              0  0  0   0  0   1  1  0  0  1  0/0     8:50   0:39   0:00 

3 Stars

1 - Aaron Ness (Lou)
2 - Joakim Nordstrom (Lou)
3 - Christian Hanson (Lou)

Power Play

River Frogs - 0 on 2 Attempt(s) - 0.00%
Little Stars - 0 on 5 Attempt(s) - 0.00%

Penalty Kill

River Frogs - 5 on 5 Attempt(s) - 100.00% - Score 0 goal in Penalty Kill
Little Stars - 2 on 2 Attempt(s) - 100.00% - Score 1 goal in Penalty Kill

Team Stat

River Frogs - Hits : 21 - Faceoff Wins : 23 - Blocked Shots : 4 - Penalty Minutes : 10
Little Stars - Hits : 29 - Faceoff Wins : 25 - Blocked Shots : 8 - Penalty Minutes : 4

Official

Referees : Unknown
Linesman : Unknown

Game Notes

Eric Knodel is injured at 11:44 of 1st period (Broken Nose)
19:56 of 3rd period - River Frogs goal is going for a video replay. After video review, Goal.

Finance

Level 1 -- Attendance: 1303 (65.15%) -- Ticket Income $52,120
Level 2 -- Attendance: 715 (71.50%) -- Ticket Income $14,300
Total Attendance: 2018 (67.27%)
Total Ticket Income: $66,420
Other Income: $3,321
Total Income: $69,741

River Frogs

5 vs 5 Forward 
   Center                   Left Wing                Right Wing               Time % Phy DF OF 
 1 Christian Hanson         Emerson Etem             Andrew Gordon            40     1   2  2  
 2 Dominik Simon            Justin Florek            Ondrej Kase              30     1   2  2  
 3 Ryan Fitzgerald          Austin Watson            Bobby Farnham            20     1   2  2  
 4 Maxim Mamin              Joakim Nordstrom         Mitch Marner             10     1   2  2  

5 vs 5 Defense 
   Defense                  Defense                                           Time % Phy DF OF 
 1 Nikita Zadorov           Shea Theodore                                     40     1   2  2  
 2 Morgan Rielly            Aaron Ness                                        30     1   2  2  
 3 David Kolomatis          Dillon Heatherington                              20     1   2  2  
 4 Matt Grzelcyk            Nikita Zadorov                                    10     1   2  2  

PowerPlay Forward 
   Center                   Left Wing                Right Wing               Time % Phy DF OF 
 1 Christian Hanson         Emerson Etem             Andrew Gordon            60     1   2  2  
 2 Dominik Simon            Justin Florek            Ondrej Kase              40     1   2  2  

PowerPlay Defense
   Defense                  Defense                                           Time % Phy DF OF 
 1 Nikita Zadorov           Shea Theodore                                     60     1   2  2  
 2 Morgan Rielly            Aaron Ness                                        40     1   2  2  

Penalty Kill 4 Players Forward 
   Center                   Wing                     Time % Phy DF OF 
 1 Emerson Etem             Christian Hanson         60     1   2  2  
 2 Andrew Gordon            Justin Florek            40     1   2  2  

Penalty Kill 4 Players Defense
   Defense                  Defense                  Time % Phy DF OF 
 1 Nikita Zadorov           Shea Theodore            60     1   2  2  
 2 Morgan Rielly            Aaron Ness               40     1   2  2  

Penalty Kill - 3 Players Forward 
   Forward                                           Time % Phy DF OF 
 1 Emerson Etem                                      60     1   2  2  
 2 Christian Hanson                                  40     1   2  2  

Penalty Kill - 3 Players Defense
   Defense                  Defense                  Time % Phy DF OF 
 1 Nikita Zadorov           Shea Theodore            60     1   2  2  
 2 Morgan Rielly            Aaron Ness               40     1   2  2  

4 vs 4 Forward 
   Center                   Wing                     Time % Phy DF OF 
 1 Emerson Etem             Christian Hanson         60     1   2  2  
 2 Andrew Gordon            Justin Florek            40     1   2  2  

4 vs 4 Defense
   Defense                  Defense                  Time % Phy DF OF 
 1 Nikita Zadorov           Shea Theodore            60     1   2  2  
 2 Morgan Rielly            Aaron Ness               40     1   2  2  

Last Minutes Offensive
   Center                   Left Wing                Right Wing               Defense                  Defense                  
   Christian Hanson         Emerson Etem             Andrew Gordon            Nikita Zadorov           Shea Theodore            

Last Minutes Defensive
   Center                   Left Wing                Right Wing               Defense                  Defense                  
   Christian Hanson         Emerson Etem             Andrew Gordon            Nikita Zadorov           Shea Theodore            

Goaltenders
Starting : Eric Comrie              
Backup : Thomas Greiss            

Extra Forwards
Normal : Richard Nejezchleb, Francis Perron, Beau Starrett - PP : Richard Nejezchleb, Francis Perron - PK : Beau Starrett
Extra Defensemen
Normal : David Kolomatis, Dillon Heatherington, Matt Grzelcyk - PP : David Kolomatis - PK : Dillon Heatherington, Matt Grzelcyk
Penalty Shots
Emerson Etem, Christian Hanson, Andrew Gordon, Justin Florek, Ondrej Kase

Scratches
Jared Knight (Sore Left Knee Injury), Matt Calvert (Torso Injury), Phoenix Copley (Healthy)

Little Stars

5 vs 5 Forward 
   Center                   Left Wing                Right Wing               Time % Phy DF OF 
 1 Evgeny Kuznetsov         Jesse Joensuu            Scott Kosmachuck         40     0   2  3  
 2 Daniel O'regan           Adam Tambellini          Ilya Mikheyev            30     0   2  3  
 3 Roman Horak              Joakim Nygard            Sebastian Wannstrom      20     1   2  2  
 4 Jason Dickinson          Emile Poirier            Zach Budish              10     1   2  2  

5 vs 5 Defense 
   Defense                  Defense                                           Time % Phy DF OF 
 1 Tyler Wotherspoon        Patrick Wiercioch                                 40     1   2  2  
 2 Eric Knodel              Anton Cederholm                                   30     1   2  2  
 3 Reece Willcox            Tucker Poolman                                    20     1   2  2  
 4 Tyler Wotherspoon        Patrick Wiercioch                                 10     1   2  2  

PowerPlay Forward 
   Center                   Left Wing                Right Wing               Time % Phy DF OF 
 1 Evgeny Kuznetsov         Jesse Joensuu            Scott Kosmachuck         60     0   1  4  
 2 Daniel O'regan           Adam Tambellini          Ilya Mikheyev            40     0   1  4  

PowerPlay Defense
   Defense                  Defense                                           Time % Phy DF OF 
 1 Tyler Wotherspoon        Patrick Wiercioch                                 60     1   2  2  
 2 Eric Knodel              Anton Cederholm                                   40     1   2  2  

Penalty Kill 4 Players Forward 
   Center                   Wing                     Time % Phy DF OF 
 1 Evgeny Kuznetsov         Jesse Joensuu            60     0   3  2  
 2 Scott Kosmachuck         Ilya Mikheyev            40     0   3  2  

Penalty Kill 4 Players Defense
   Defense                  Defense                  Time % Phy DF OF 
 1 Tyler Wotherspoon        Patrick Wiercioch        60     0   3  2  
 2 Eric Knodel              Anton Cederholm          40     0   3  2  

Penalty Kill - 3 Players Forward 
   Forward                                           Time % Phy DF OF 
 1 Evgeny Kuznetsov                                  60     0   3  2  
 2 Jesse Joensuu                                     40     0   3  2  

Penalty Kill - 3 Players Defense
   Defense                  Defense                  Time % Phy DF OF 
 1 Tyler Wotherspoon        Patrick Wiercioch        60     0   3  2  
 2 Eric Knodel              Anton Cederholm          40     0   3  2  

4 vs 4 Forward 
   Center                   Wing                     Time % Phy DF OF 
 1 Evgeny Kuznetsov         Jesse Joensuu            60     0   2  3  
 2 Scott Kosmachuck         Ilya Mikheyev            40     0   2  3  

4 vs 4 Defense
   Defense                  Defense                  Time % Phy DF OF 
 1 Tyler Wotherspoon        Patrick Wiercioch        60     1   2  2  
 2 Eric Knodel              Anton Cederholm          40     1   2  2  

Last Minutes Offensive
   Center                   Left Wing                Right Wing               Defense                  Defense                  
   Evgeny Kuznetsov         Jesse Joensuu            Scott Kosmachuck         Tyler Wotherspoon        Patrick Wiercioch        

Last Minutes Defensive
   Center                   Left Wing                Right Wing               Defense                  Defense                  
   Evgeny Kuznetsov         Jesse Joensuu            Scott Kosmachuck         Tyler Wotherspoon        Patrick Wiercioch        

Goaltenders
Starting : Connor Knapp             
Backup : Dustin Tokarski          

Extra Forwards
Normal : Joakim Nygard, Emile Poirier, Sebastian Wannstrom - PP : Joakim Nygard, Emile Poirier - PK : Sebastian Wannstrom
Extra Defensemen
Normal : Reece Willcox, Tucker Poolman, Eric Knodel - PP : Reece Willcox - PK : Tucker Poolman, Eric Knodel
Penalty Shots
Evgeny Kuznetsov, Jesse Joensuu, Scott Kosmachuck, Ilya Mikheyev, Adam Tambellini

Scratches
Michael Mersch (Broken Nose Injury), Lawrence Pilut (Healthy), Justin Auger (Healthy), Dana Tyrell (Broken Bone (Right Ankle) Injury), Rudolfs Balcers (Healthy)
Yakov Trenin (Healthy), Jean-Christophe Beaudin (Healthy), Ville Pokka (Healthy), Daniil Tarasov (Healthy), Shane Gersich (Healthy)
Radel Fazleev (Healthy), Julien Nantel (Healthy), Peter Delmas (Healthy)

% Time on Ice - River Frogs

Lines # - Real PCT - Wanted PCT - Time Play
Normal Forward
1 - 28% - 40% - 13:15
2 - 31% - 30% - 14:38
3 - 25% - 20% - 11:49
4 - 15% - 10% - 7:12
Normal Defense
1 - 39% - 40% - 18:21
2 - 29% - 30% - 13:43
3 - 23% - 20% - 10:44
4 - 9% - 10% - 4:06
PP Forward
1 - 57% - 60% - 1:08
2 - 43% - 40% - 0:51
PP Defense
1 - 53% - 60% - 1:03
2 - 47% - 40% - 0:56
PK Forward
1 - 79% - 60% - 7:49
2 - 21% - 40% - 2:06
PK Defense
1 - 54% - 60% - 5:21
2 - 46% - 40% - 4:34
PK3 Forward
1 - 0% - 60%
2 - 0% - 40%
PK3 Defense
1 - 0% - 60%
2 - 0% - 40%
44 Forward
1 - 0% - 60%
2 - 0% - 40%
44 Defense
1 - 0% - 60%
2 - 0% - 40%
Last Minute Offensive  - 0:00
Last Minute Defensive  - 1:12
Total
Forward - 60:00
Defense - 60:00

% Time on Ice - Little Stars

Lines # - Real PCT - Wanted PCT - Time Play
Normal Forward
1 - 34% - 40% - 16:18
2 - 28% - 30% - 13:31
3 - 22% - 20% - 10:26
4 - 16% - 10% - 7:51
Normal Defense
1 - 37% - 40% - 17:40
2 - 35% - 30% - 17:04
3 - 24% - 20% - 11:21
4 - 4% - 10% - 2:01
PP Forward
1 - 60% - 60% - 5:58
2 - 40% - 40% - 3:57
PP Defense
1 - 43% - 60% - 4:14
2 - 57% - 40% - 5:41
PK Forward
1 - 87% - 60% - 1:44
2 - 13% - 40% - 0:15
PK Defense
1 - 57% - 60% - 1:08
2 - 43% - 40% - 0:51
PK3 Forward
1 - 0% - 60%
2 - 0% - 40%
PK3 Defense
1 - 0% - 60%
2 - 0% - 40%
44 Forward
1 - 0% - 60%
2 - 0% - 40%
44 Defense
1 - 0% - 60%
2 - 0% - 40%
Last Minute Offensive  - 0:00
Last Minute Defensive  - 0:00
Total
Forward - 60:00
Defense - 60:00

Play-by-Play

1st period


0:01 of 1st period - Emerson Etem wins face-off versus Evgeny Kuznetsov in neutral zone.
0:10 of 1st period - Emerson Etem is hit by Jesse Joensuu and loses puck.
0:27 of 1st period - Tyler Wotherspoon is hit by Ondrej Kase and loses puck.
0:46 of 1st period - Wrist shot by Emile Poirier.
0:46 of 1st period - Shot Blocked by Morgan Rielly.
1:36 of 1st period - Wrist shot by Scott Kosmachuck.
1:36 of 1st period - Stopped by Eric Comrie with a rebound.
2:46 of 1st period - David Kolomatis is hit by Scott Kosmachuck and loses puck.
3:10 of 1st period - Wrist shot by Daniel O'regan.
3:10 of 1st period - Shot Misses the Net.
3:12 of 1st period - Slapshot by Eric Knodel.
3:12 of 1st period - Shot Misses the Net.
3:49 of 1st period - Wrist shot by Dominik Simon.
3:49 of 1st period - Stopped by Connor Knapp with a rebound.
5:01 of 1st period - Snap shot by Jesse Joensuu.
5:01 of 1st period - Stopped by Eric Comrie without a rebound.
5:02 of 1st period - Evgeny Kuznetsov wins face-off versus Bobby Farnham in River Frogs zone.
5:29 of 1st period - Snap shot by Adam Tambellini.
5:29 of 1st period - Shot Misses the Net.
5:38 of 1st period - Minor Penalty to Ryan Fitzgerald for Tripping.
5:39 of 1st period - Emerson Etem wins face-off versus Jesse Joensuu in River Frogs zone.
6:20 of 1st period - Snap shot by Justin Florek.
6:20 of 1st period - Stopped by Connor Knapp without a rebound.
6:21 of 1st period - Evgeny Kuznetsov wins face-off versus Emerson Etem in Little Stars zone.
6:54 of 1st period - Snap shot by Daniel O'regan.
6:54 of 1st period - Shot Misses the Net.
6:56 of 1st period - Wrist shot by Daniel O'regan.
6:56 of 1st period - Shot Misses the Net.
7:38 of 1st period - Penalty to Ryan Fitzgerald is over, Ryan Fitzgerald is back on ice.
7:51 of 1st period - Aaron Ness is hit by Sebastian Wannstrom and loses puck.
8:12 of 1st period - Wrist shot by Mitch Marner.
8:12 of 1st period - Stopped by Connor Knapp with a rebound.
8:40 of 1st period - Tyler Wotherspoon is hit by Emerson Etem and loses puck.
9:01 of 1st period - Evgeny Kuznetsov is hit by Joakim Nordstrom and loses puck.
9:29 of 1st period - Snap shot by Ryan Fitzgerald.
9:29 of 1st period - Shot Blocked by Anton Cederholm.
9:33 of 1st period - Slapshot by Justin Florek.
9:33 of 1st period - Shot Misses the Net.
9:35 of 1st period - Slapshot by Ondrej Kase.
9:35 of 1st period - Shot Blocked by Anton Cederholm.
9:37 of 1st period - Snap shot by Morgan Rielly.
9:37 of 1st period - Shot Misses the Net.
9:49 of 1st period - Snap shot by Jesse Joensuu.
9:49 of 1st period - Stopped by Eric Comrie with a rebound.
10:16 of 1st period - Icing by Sebastian Wannstrom.
10:17 of 1st period - Sebastian Wannstrom wins face-off versus Dominik Simon in Little Stars zone.
10:28 of 1st period - Aaron Ness is hit by Daniel O'regan and loses puck.
10:47 of 1st period - Wrist shot by Scott Kosmachuck.
10:47 of 1st period - Deflect By Jesse Joensuu.
10:47 of 1st period - Stopped by Eric Comrie without a rebound.
10:48 of 1st period - Christian Hanson wins face-off versus Evgeny Kuznetsov in River Frogs zone.
10:53 of 1st period - Backhand shot by Christian Hanson.
10:53 of 1st period - Shot Blocked by Evgeny Kuznetsov.
11:38 of 1st period - Wrist shot by Ondrej Kase.
11:38 of 1st period - Stopped by Connor Knapp with a rebound.
11:40 of 1st period - Slapshot by Shea Theodore.
11:40 of 1st period - Shot Blocked by Joakim Nygard.
11:42 of 1st period - Snap shot by Nikita Zadorov.
11:42 of 1st period - Shot Misses the Net.
11:44 of 1st period - Snap shot by Justin Florek.
11:44 of 1st period - Shot Blocked by Eric Knodel.
11:44 of 1st period - Eric Knodel from Little Stars is injured at 11:44 of 1st period (Broken Nose).
11:45 of 1st period - Evgeny Kuznetsov wins face-off versus Christian Hanson in Little Stars zone.
11:52 of 1st period - Jesse Joensuu is hit by Christian Hanson and loses puck.
12:03 of 1st period - Patrick Wiercioch is hit by Andrew Gordon and loses puck.
12:44 of 1st period - Slapshot by Austin Watson.
12:44 of 1st period - Deflect By Ryan Fitzgerald.
12:44 of 1st period - Stopped by Connor Knapp with a rebound.
13:22 of 1st period - Backhand shot by Evgeny Kuznetsov.
13:22 of 1st period - Stopped by Eric Comrie without a rebound.
13:23 of 1st period - Evgeny Kuznetsov wins face-off versus Christian Hanson in River Frogs zone.
13:34 of 1st period - Wrist shot by Andrew Gordon.
13:34 of 1st period - Shot Misses the Net.
13:50 of 1st period - Anton Cederholm is hit by Justin Florek and loses puck.
14:09 of 1st period - Slapshot by Shea Theodore.
14:09 of 1st period - Stopped by Connor Knapp without a rebound.
14:10 of 1st period - Ryan Fitzgerald wins face-off versus Roman Horak in Little Stars zone.
14:13 of 1st period - Wrist shot by Austin Watson.
14:13 of 1st period - Stopped by Connor Knapp with a rebound.
14:15 of 1st period - Slapshot by Morgan Rielly.
14:15 of 1st period - Stopped by Connor Knapp with a rebound.
14:17 of 1st period - Snap shot by Ryan Fitzgerald.
14:17 of 1st period - Stopped by Connor Knapp with a rebound.
14:19 of 1st period - Snap shot by Ryan Fitzgerald.
14:19 of 1st period - Stopped by Connor Knapp with a rebound.
14:21 of 1st period - Wrist shot by Aaron Ness.
14:21 of 1st period - Deflect By Austin Watson.
14:21 of 1st period - Stopped by Connor Knapp with a rebound.
14:23 of 1st period - Snap shot by Aaron Ness.
14:23 of 1st period - Goal by Aaron Ness - River Frogs : 1 - Little Stars : 0.
14:24 of 1st period - Evgeny Kuznetsov wins face-off versus Emerson Etem in neutral zone.
14:32 of 1st period - Minor Penalty to Nikita Zadorov for Hooking.
14:33 of 1st period - Evgeny Kuznetsov wins face-off versus Emerson Etem in River Frogs zone.
14:43 of 1st period - Slapshot by Evgeny Kuznetsov.
14:43 of 1st period - Shot Misses the Net.
14:45 of 1st period - Snap shot by Jesse Joensuu.
14:45 of 1st period - Stopped by Eric Comrie with a rebound.
14:47 of 1st period - Slapshot by Tyler Wotherspoon.
14:47 of 1st period - Stopped by Eric Comrie without a rebound.
14:48 of 1st period - Evgeny Kuznetsov wins face-off versus Emerson Etem in River Frogs zone.
15:24 of 1st period - Slapshot by Adam Tambellini.
15:24 of 1st period - Shot Misses the Net.
16:06 of 1st period - Shea Theodore is hit by Scott Kosmachuck and loses puck.
16:32 of 1st period - Penalty to Nikita Zadorov is over, Nikita Zadorov is back on ice.
16:52 of 1st period - Tyler Wotherspoon is hit by Mitch Marner.
17:13 of 1st period - Snap shot by Ryan Fitzgerald.
17:13 of 1st period - Deflect By Austin Watson.
17:13 of 1st period - Shot Blocked by Reece Willcox.
17:13 of 1st period - Puck is out of play.
17:14 of 1st period - Dominik Simon wins face-off versus Roman Horak in Little Stars zone.
17:27 of 1st period - Snap shot by Ondrej Kase.
17:27 of 1st period - Shot Misses the Net.
18:02 of 1st period - David Kolomatis is hit by Anton Cederholm and loses puck.
18:11 of 1st period - Emerson Etem is hit by Jesse Joensuu and loses puck.
19:28 of 1st period - Bobby Farnham is hit by Ilya Mikheyev and loses puck.
Goals for this period are 1 for River Frogs vs 0 for Little Stars.
Shots for this period are 12 for River Frogs vs 7 for Little Stars.

2nd period


0:01 of 2nd period - Evgeny Kuznetsov wins face-off versus Christian Hanson in neutral zone.
0:11 of 2nd period - Snap shot by Emerson Etem.
0:11 of 2nd period - Shot Misses the Net.
0:13 of 2nd period - Wrist shot by Andrew Gordon.
0:13 of 2nd period - Stopped by Connor Knapp without a rebound.
0:14 of 2nd period - Christian Hanson wins face-off versus Evgeny Kuznetsov in Little Stars zone.
0:23 of 2nd period - Snap shot by Jesse Joensuu.
0:23 of 2nd period - Shot Misses the Net.
0:25 of 2nd period - Backhand shot by Evgeny Kuznetsov.
0:25 of 2nd period - Shot Blocked by Christian Hanson.
0:27 of 2nd period - Wrist shot by Jesse Joensuu.
0:27 of 2nd period - Shot Misses the Net.
0:39 of 2nd period - Nikita Zadorov is hit by Patrick Wiercioch and loses puck.
1:08 of 2nd period - Nikita Zadorov is hit by Sebastian Wannstrom and loses puck.
2:25 of 2nd period - Wrist shot by Emerson Etem.
2:25 of 2nd period - Stopped by Connor Knapp with a rebound.
2:37 of 2nd period - Roman Horak is hit by Austin Watson and loses puck.
2:44 of 2nd period - Slapshot by Aaron Ness.
2:44 of 2nd period - Stopped by Connor Knapp with a rebound.
3:04 of 2nd period - Icing by Adam Tambellini.
3:05 of 2nd period - Ilya Mikheyev wins face-off versus Christian Hanson in Little Stars zone.
5:12 of 2nd period - Backhand shot by Bobby Farnham.
5:12 of 2nd period - Shot Misses the Net.
5:34 of 2nd period - Snap shot by Evgeny Kuznetsov.
5:34 of 2nd period - Shot Misses the Net.
5:36 of 2nd period - Minor Penalty to Austin Watson for Tripping.
5:37 of 2nd period - Emerson Etem wins face-off versus Daniel O'regan in River Frogs zone.
6:36 of 2nd period - Justin Florek is hit by Scott Kosmachuck and loses puck.
7:36 of 2nd period - Penalty to Austin Watson is over, Austin Watson is back on ice.
8:45 of 2nd period - Off-side.
8:46 of 2nd period - Jason Dickinson wins face-off versus Richard Nejezchleb in neutral zone.
8:49 of 2nd period - Slapshot by Jason Dickinson.
8:49 of 2nd period - Shot Misses the Net.
8:51 of 2nd period - Slapshot by Reece Willcox.
8:51 of 2nd period - Stopped by Eric Comrie with a rebound.
9:03 of 2nd period - Snap shot by Mitch Marner.
9:03 of 2nd period - Deflect By Ilya Mikheyev.
9:03 of 2nd period - Stopped by Connor Knapp without a rebound.
9:04 of 2nd period - Daniel O'regan wins face-off versus Maxim Mamin in Little Stars zone.
9:38 of 2nd period - Snap shot by Emerson Etem.
9:38 of 2nd period - Shot Misses the Net.
10:31 of 2nd period - Icing by Tucker Poolman.
10:32 of 2nd period - Daniel O'regan wins face-off versus Christian Hanson in Little Stars zone.
10:32 of 2nd period - Daniel O'regan is hit by Emerson Etem.
10:42 of 2nd period - Wrist shot by Daniel O'regan.
10:42 of 2nd period - Goal by Daniel O'regan - River Frogs : 1 - Little Stars : 1.
10:43 of 2nd period - Christian Hanson wins face-off versus Evgeny Kuznetsov in neutral zone.
11:08 of 2nd period - Snap shot by Dominik Simon.
11:08 of 2nd period - Shot Misses the Net.
11:10 of 2nd period - Snap shot by Justin Florek.
11:10 of 2nd period - Stopped by Connor Knapp without a rebound.
11:11 of 2nd period - Dominik Simon wins face-off versus Daniel O'regan in Little Stars zone.
11:18 of 2nd period - Ondrej Kase is hit by Daniel O'regan and loses puck.
11:39 of 2nd period - Wrist shot by Adam Tambellini.
11:39 of 2nd period - Shot Misses the Net.
11:41 of 2nd period - Slapshot by Tucker Poolman.
11:41 of 2nd period - Stopped by Eric Comrie with a rebound.
11:43 of 2nd period - Slapshot by Daniel O'regan.
11:43 of 2nd period - Shot Hit the Post.
11:45 of 2nd period - Wrist shot by Ilya Mikheyev.
11:45 of 2nd period - Shot Blocked by Ondrej Kase.
11:47 of 2nd period - Slapshot by Tucker Poolman.
11:47 of 2nd period - Shot Misses the Net.
11:49 of 2nd period - Slapshot by Reece Willcox.
11:49 of 2nd period - Stopped by Eric Comrie without a rebound.
11:50 of 2nd period - Evgeny Kuznetsov wins face-off versus Christian Hanson in River Frogs zone.
12:45 of 2nd period - Off-side.
12:46 of 2nd period - Maxim Mamin wins face-off versus Evgeny Kuznetsov in neutral zone.
12:48 of 2nd period - Aaron Ness is hit by Tyler Wotherspoon and loses puck.
12:57 of 2nd period - Jesse Joensuu is hit by Joakim Nordstrom and loses puck.
13:37 of 2nd period - Dillon Heatherington is hit by Anton Cederholm and loses puck.
13:54 of 2nd period - Wrist shot by Bobby Farnham.
13:54 of 2nd period - Deflect By Zach Budish.
13:54 of 2nd period - Stopped by Connor Knapp without a rebound.
13:55 of 2nd period - Evgeny Kuznetsov wins face-off versus Ryan Fitzgerald in Little Stars zone.
14:08 of 2nd period - Bobby Farnham is hit by Scott Kosmachuck and loses puck.
14:44 of 2nd period - Minor Penalty to Tucker Poolman for Hooking.
14:45 of 2nd period - Evgeny Kuznetsov wins face-off versus Christian Hanson in Little Stars zone.
15:14 of 2nd period - Morgan Rielly is hit by Patrick Wiercioch and loses puck.
15:59 of 2nd period - Reece Willcox is hit by Morgan Rielly and loses puck.
16:30 of 2nd period - Slapshot by Joakim Nygard.
16:30 of 2nd period - Goal by Joakim Nygard - River Frogs : 1 - Little Stars : 2.
16:31 of 2nd period - Evgeny Kuznetsov wins face-off versus Christian Hanson in neutral zone.
16:44 of 2nd period - Penalty to Tucker Poolman is over, Tucker Poolman is back on ice.
16:58 of 2nd period - Tyler Wotherspoon is hit by Justin Florek and loses puck.
17:08 of 2nd period - Icing by Tyler Wotherspoon.
17:09 of 2nd period - Daniel O'regan wins face-off versus Ryan Fitzgerald in Little Stars zone.
17:16 of 2nd period - Slapshot by Tyler Wotherspoon.
17:16 of 2nd period - Shot Misses the Net.
17:22 of 2nd period - Slapshot by Ryan Fitzgerald.
17:22 of 2nd period - Shot Misses the Net.
17:24 of 2nd period - Slapshot by Dillon Heatherington.
17:24 of 2nd period - Shot Blocked by Evgeny Kuznetsov.
18:11 of 2nd period - Slapshot by Justin Florek.
18:11 of 2nd period - Deflect By Dominik Simon.
18:11 of 2nd period - Shot Blocked by Tucker Poolman.
18:11 of 2nd period - Puck is out of play.
18:12 of 2nd period - Christian Hanson wins face-off versus Evgeny Kuznetsov in Little Stars zone.
18:13 of 2nd period - Wrist shot by Andrew Gordon.
18:13 of 2nd period - Stopped by Connor Knapp with a rebound.
18:15 of 2nd period - Snap shot by Christian Hanson.
18:15 of 2nd period - Deflect By Andrew Gordon.
18:15 of 2nd period - Shot Misses the Net.
18:15 of 2nd period - Puck is out of play.
18:16 of 2nd period - Christian Hanson wins face-off versus Evgeny Kuznetsov in Little Stars zone.
19:33 of 2nd period - Snap shot by Joakim Nordstrom.
19:33 of 2nd period - Stopped by Connor Knapp with a rebound.
Goals for this period are 0 for River Frogs vs 2 for Little Stars.
Shots for this period are 8 for River Frogs vs 5 for Little Stars.

3rd period


0:01 of 3rd period - Evgeny Kuznetsov wins face-off versus Christian Hanson in neutral zone.
0:31 of 3rd period - Wrist shot by Jesse Joensuu.
0:31 of 3rd period - Stopped by Eric Comrie with a rebound.
0:37 of 3rd period - Scott Kosmachuck is hit by Bobby Farnham and loses puck.
1:12 of 3rd period - Christian Hanson is hit by Ilya Mikheyev and loses puck.
1:27 of 3rd period - Snap shot by Joakim Nordstrom.
1:27 of 3rd period - Goal by Joakim Nordstrom - River Frogs : 2 - Little Stars : 2.
1:28 of 3rd period - Evgeny Kuznetsov wins face-off versus Christian Hanson in neutral zone.
2:05 of 3rd period - Snap shot by Roman Horak.
2:05 of 3rd period - Stopped by Eric Comrie without a rebound.
2:06 of 3rd period - Christian Hanson wins face-off versus Ilya Mikheyev in River Frogs zone.
2:31 of 3rd period - Morgan Rielly is hit by Evgeny Kuznetsov.
2:37 of 3rd period - Scott Kosmachuck is hit by Dominik Simon and loses puck.
2:58 of 3rd period - Justin Florek is hit by Roman Horak.
3:06 of 3rd period - Snap shot by Ondrej Kase.
3:06 of 3rd period - Stopped by Connor Knapp with a rebound.
3:08 of 3rd period - Slapshot by Justin Florek.
3:08 of 3rd period - Stopped by Connor Knapp without a rebound.
3:09 of 3rd period - Jason Dickinson wins face-off versus Andrew Gordon in Little Stars zone.
3:13 of 3rd period - Tyler Wotherspoon is hit by Emerson Etem and loses puck.
3:22 of 3rd period - Snap shot by Zach Budish.
3:22 of 3rd period - Stopped by Eric Comrie with a rebound.
3:24 of 3rd period - Snap shot by Zach Budish.
3:24 of 3rd period - Deflect By Jason Dickinson.
3:24 of 3rd period - Stopped by Eric Comrie without a rebound.
3:25 of 3rd period - Christian Hanson wins face-off versus Evgeny Kuznetsov in River Frogs zone.
3:25 of 3rd period - Christian Hanson is hit by Jesse Joensuu.
3:53 of 3rd period - Snap shot by Shea Theodore.
3:53 of 3rd period - Stopped by Connor Knapp without a rebound.
3:54 of 3rd period - Ryan Fitzgerald wins face-off versus Daniel O'regan in Little Stars zone.
4:03 of 3rd period - Slapshot by Tucker Poolman.
4:03 of 3rd period - Stopped by Eric Comrie without a rebound.
4:04 of 3rd period - Christian Hanson wins face-off versus Daniel O'regan in River Frogs zone.
4:07 of 3rd period - Slapshot by Adam Tambellini.
4:07 of 3rd period - Shot Misses the Net.
4:09 of 3rd period - Slapshot by Daniel O'regan.
4:09 of 3rd period - Shot Misses the Net.
4:11 of 3rd period - Wrist shot by Adam Tambellini.
4:11 of 3rd period - Stopped by Eric Comrie with a rebound.
4:13 of 3rd period - Wrist shot by Ilya Mikheyev.
4:13 of 3rd period - Shot Misses the Net.
5:29 of 3rd period - Slapshot by Mitch Marner.
5:29 of 3rd period - Shot Misses the Net.
6:01 of 3rd period - Slapshot by Ilya Mikheyev.
6:01 of 3rd period - Deflect By Daniel O'regan.
6:01 of 3rd period - Stopped by Eric Comrie with a rebound.
6:03 of 3rd period - Slapshot by Patrick Wiercioch.
6:03 of 3rd period - Shot Misses the Net.
7:19 of 3rd period - Ondrej Kase is hit by Ilya Mikheyev and loses puck.
7:23 of 3rd period - Icing by Matt Grzelcyk.
7:24 of 3rd period - Dominik Simon wins face-off versus Daniel O'regan in River Frogs zone.
7:29 of 3rd period - Snap shot by Nikita Zadorov.
7:29 of 3rd period - Shot Misses the Net.
7:53 of 3rd period - Daniel O'regan is hit by Matt Grzelcyk and loses puck.
8:02 of 3rd period - Slapshot by Tyler Wotherspoon.
8:02 of 3rd period - Stopped by Eric Comrie with a rebound.
8:04 of 3rd period - Wrist shot by Patrick Wiercioch.
8:04 of 3rd period - Stopped by Eric Comrie with a rebound.
8:37 of 3rd period - Minor Penalty to Nikita Zadorov for Interference.
8:38 of 3rd period - Emerson Etem wins face-off versus Evgeny Kuznetsov in River Frogs zone.
8:38 of 3rd period - Emerson Etem is hit by Jesse Joensuu.
8:51 of 3rd period - Slapshot by Scott Kosmachuck.
8:51 of 3rd period - Stopped by Eric Comrie with a rebound.
10:11 of 3rd period - Dillon Heatherington is hit by Zach Budish and loses puck.
10:37 of 3rd period - Penalty to Nikita Zadorov is over, Nikita Zadorov is back on ice.
11:48 of 3rd period - Evgeny Kuznetsov is hit by Dominik Simon and loses puck.
12:15 of 3rd period - Shea Theodore is hit by Scott Kosmachuck and loses puck.
12:26 of 3rd period - Snap shot by Jesse Joensuu.
12:26 of 3rd period - Stopped by Eric Comrie without a rebound.
12:27 of 3rd period - Dominik Simon wins face-off versus Jason Dickinson in River Frogs zone.
12:27 of 3rd period - Dominik Simon is hit by Reece Willcox.
12:41 of 3rd period - Morgan Rielly is hit by Reece Willcox and loses puck.
12:56 of 3rd period - Snap shot by Joakim Nygard.
12:56 of 3rd period - Shot Blocked by Shea Theodore.
12:58 of 3rd period - Snap shot by Roman Horak.
12:58 of 3rd period - Stopped by Eric Comrie with a rebound.
13:00 of 3rd period - Slapshot by Ilya Mikheyev.
13:00 of 3rd period - Shot Misses the Net.
13:02 of 3rd period - Snap shot by Sebastian Wannstrom.
13:02 of 3rd period - Stopped by Eric Comrie without a rebound.
13:03 of 3rd period - Emerson Etem wins face-off versus Sebastian Wannstrom in River Frogs zone.
13:10 of 3rd period - Wrist shot by Andrew Gordon.
13:10 of 3rd period - Stopped by Connor Knapp with a rebound.
13:12 of 3rd period - Snap shot by Christian Hanson.
13:12 of 3rd period - Stopped by Connor Knapp with a rebound.
13:14 of 3rd period - Wrist shot by Christian Hanson.
13:14 of 3rd period - Goal by Christian Hanson - River Frogs : 3 - Little Stars : 2.
13:15 of 3rd period - Christian Hanson wins face-off versus Evgeny Kuznetsov in neutral zone.
13:22 of 3rd period - Wrist shot by Scott Kosmachuck.
13:22 of 3rd period - Stopped by Eric Comrie with a rebound.
13:24 of 3rd period - Slapshot by Jesse Joensuu.
13:24 of 3rd period - Shot Misses the Net.
13:26 of 3rd period - Slapshot by Tyler Wotherspoon.
13:26 of 3rd period - Stopped by Eric Comrie with a rebound.
13:28 of 3rd period - Slapshot by Evgeny Kuznetsov.
13:28 of 3rd period - Shot Misses the Net.
13:30 of 3rd period - Wrist shot by Evgeny Kuznetsov.
13:30 of 3rd period - Stopped by Eric Comrie with a rebound.
13:40 of 3rd period - Emerson Etem is hit by Patrick Wiercioch and loses puck.
14:03 of 3rd period - Tucker Poolman is hit by Justin Florek and loses puck.
14:12 of 3rd period - Snap shot by Ilya Mikheyev.
14:12 of 3rd period - Deflect By Daniel O'regan.
14:12 of 3rd period - Stopped by Eric Comrie with a rebound.
14:22 of 3rd period - Jesse Joensuu is hit by Shea Theodore and loses puck.
14:29 of 3rd period - Austin Watson is hit by Evgeny Kuznetsov.
14:51 of 3rd period - Off-side.
14:52 of 3rd period - Daniel O'regan wins face-off versus Maxim Mamin in neutral zone.
15:17 of 3rd period - Dillon Heatherington is hit by Patrick Wiercioch and loses puck.
15:35 of 3rd period - Minor Penalty to Emerson Etem for Boarding.
15:36 of 3rd period - Beau Starrett wins face-off versus Evgeny Kuznetsov in River Frogs zone.
15:49 of 3rd period - Wrist shot by Jesse Joensuu.
15:49 of 3rd period - Shot Misses the Net.
17:35 of 3rd period - Penalty to Emerson Etem is over, Emerson Etem is back on ice.
17:36 of 3rd period - Off-side.
17:37 of 3rd period - Dominik Simon wins face-off versus Joakim Nygard in neutral zone.
17:42 of 3rd period - Slapshot by Ondrej Kase.
17:42 of 3rd period - Stopped by Connor Knapp without a rebound.
17:43 of 3rd period - Roman Horak wins face-off versus Dominik Simon in Little Stars zone.
17:48 of 3rd period - Snap shot by Joakim Nygard.
17:48 of 3rd period - Stopped by Eric Comrie with a rebound.
17:50 of 3rd period - Snap shot by Roman Horak.
17:50 of 3rd period - Stopped by Eric Comrie with a rebound.
17:52 of 3rd period - Snap shot by Joakim Nygard.
17:52 of 3rd period - Stopped by Eric Comrie without a rebound.
17:53 of 3rd period - Joakim Nygard wins face-off versus Christian Hanson in River Frogs zone.
18:24 of 3rd period - Tucker Poolman is hit by Austin Watson.
19:07 of 3rd period - Jesse Joensuu is hit by Emerson Etem and loses puck.
19:40 of 3rd period - Snap shot by Emerson Etem.
19:40 of 3rd period - Stopped by Connor Knapp with a rebound.
19:46 of 3rd period - Wrist shot by Christian Hanson.
19:46 of 3rd period - Stopped by Connor Knapp with a rebound.
19:48 of 3rd period - Snap shot by Andrew Gordon.
19:48 of 3rd period - Stopped by Connor Knapp with a rebound.
19:50 of 3rd period - Snap shot by Shea Theodore.
19:50 of 3rd period - Stopped by Connor Knapp with a rebound.
19:52 of 3rd period - Wrist shot by Nikita Zadorov.
19:52 of 3rd period - Shot Misses the Net.
19:54 of 3rd period - Wrist shot by Emerson Etem.
19:54 of 3rd period - Stopped by Connor Knapp with a rebound.
19:56 of 3rd period - Snap shot by Shea Theodore.
19:56 of 3rd period - River Frogs goal is going for a video replay.
19:56 of 3rd period - The goal is good.
19:56 of 3rd period - Goal by Shea Theodore - River Frogs : 4 - Little Stars : 2.
19:57 of 3rd period - Joakim Nygard wins face-off versus Richard Nejezchleb in neutral zone.
19:59 of 3rd period - Minor Penalty to Patrick Wiercioch for Hooking.
Goals for this period are 3 for River Frogs vs 0 for Little Stars.
Shots for this period are 14 for River Frogs vs 20 for Little Stars.
Goals for this period are 3 for River Frogs vs 0 for Little Stars.
Shots for this period are 14 for River Frogs vs 20 for Little Stars.